 Dungeon Crawl Stone Soup version 0.32-a0-391-gce5c0aab1b (webtiles) character file.

Game seed: 7672125945176768018

10 zenocrate the Sneak (level 2, -1/19 HPs)
             Began as a Kobold Delver on Feb 20, 2024.
             Slain by Ijyb
             ... wielding a +0 club
              (2 damage)
             ... on level 4 of the Dungeon.
             The game lasted 00:00:14 (46 turns).

zenocrate the Sneak (Kobold Delver)                   Turns: 46, Time: 00:00:15

Health: -1/19      AC:  3    Str:  9    XL:     2   Next: 30%
Magic:  2/2        EV: 14    Int: 11    God:
Gold:   0          SH:  0    Dex: 16    Spells: 1/1 levels left

rFire   . . .        a - +0 short sword
rCold   . . .        (no shield)
rNeg    . . .        b - +0 leather armour
rPois   .            (no helmet)
rElec   .            (no cloak)
rCorr   .            (no gloves)
SInv    .            (no boots)
Will    .....        (no amulet)
Stlth   ++++         (no ring)
HPRegen 0.23/turn    (no ring)
MPRegen 0.08/turn

%: no passive effects
@: hasted, very quick
A: small, no large weapons, nightstalker 3
a: no special abilities


You were on level 4 of the Dungeon.
You visited 1 branch of the dungeon, and saw 2 of its levels.

Inventory:

Hand Weapons
 a - a +0 short sword (weapon)
Armour
 b - a +0 leather armour (worn)
Wands
 g - a wand of digging (3)
Scrolls
 c - a scroll of fog
 d - a scroll of revelation
 e - a scroll of fear


   Skills:
 + Level 3.4 Fighting
 + Level 3.0 Short Blades
 + Level 2.7 Dodging
 + Level 6.8 Stealth


You had one spell level left.
You didn't know any spells.
Your spell library was empty.

Dungeon Overview and Level Annotations

Branches:
Dungeon (5/15)
 Temple: D:4-7

Altars:

Annotations:
D:4 Ijyb


Innate Abilities, Weirdness & Mutations

You are small and have problems with some larger weapons.
You are completely attuned to the shadows.


Message History

The jackal bites you.
You hit the jackal.
You kill the jackal!
Your Short Blades skill increases to level 3!
You hit the jackal but do no damage. The jackal barely misses you.
You are too injured to fight recklessly!
You closely miss the jackal.
The jackal bites you but does no damage.
You hit the jackal.
The jackal is moderately wounded.
The jackal misses you.
The jackal bites you but does no damage.
You are too injured to fight recklessly!
You hit the jackal.
You kill the jackal!
You see here a jackal corpse.
Ijyb the Inquisitive comes into view.
She is wielding a +0 club and carrying a wand of quicksilver.
Ijyb is nearby!
Ijyb is nearby!
Found 10 gold pieces.
You see here a gluggy blue potion.
You barely miss Ijyb.
Ijyb zaps a wand.
The bolt of dispelling energy misses you.
Unknown command.
You hit Ijyb.
Ijyb is lightly wounded.
Ijyb barely misses you.
Unknown command.
You barely miss Ijyb.
Ijyb is lightly wounded.
Ijyb barely misses you.
You hit Ijyb but do no damage.
Ijyb is lightly wounded.
Ijyb zaps a wand.
The bolt of dispelling energy hits you!
Ouch! That really hurt!
* * * LOW HITPOINT WARNING * * *
Unknown command.
You feel yourself speed up. Ijyb hits you with a +0 club.
You die...
Ijyb moans, "Good help so hard to find!"

#.# #.#
#.# #>#
#. #.####
#.##†#...
....!...#
#.....#.#
###.@g..#
.....####
###$..
#.### ..


You could see Ijyb.

Vanquished Creatures
  An endoplasm (D:4)
  4 jackals (D:4)
5 creatures vanquished.

Notes
Turn   | Place    | Note
-------+----------+-------------------------------------------
     0 | D:5      | zenocrate the Kobold Delver began the quest for the Orb.
     0 | D:5      | Reached XP level 1. HP: 14/14 MP: 1/1
    29 | D:4      | Reached XP level 2. HP: 11/19 MP: 2/2
    38 | D:4      | Noticed Ijyb
    46 | D:4      | Slain by Ijyb

Illustrated notes

Levels and vault maps discovered:
D:4:      layout_loops_ring, uniq_ijyb
D:5:      layout_rooms, tgw_fedhas, serial_shops,
          nicolae_shop_just_a_little_nook, hangedman_decor_push

Skill      XL: |  1  2 |
---------------+-------+-----
Short Blades   | 3 |  3.0
Fighting       | |  3.4
Dodging        | |  2.7
Stealth        | |  6.8

Action                     || total
---------------------------++-------
  Melee: Short sword       ||    35
    Use: Potion            ||     1
 Armour: Leather armour    ||    16
  Dodge: Dodged            ||    21

Table legend: (Time is in decaauts)
 A = Elapsed time spent in this place.
 B = Non-inter-level travel time spent in this place.
 C = Inter-level travel time spent in this place.
 D = Time resting spent in this place.
 E = Time spent auto-exploring this place.
 F = Levels seen in this place.
 G = Mean time per level.
                   A        B        C        D        E       F      G
               +--------+--------+--------+--------+--------+-----+--------+
         Total |     41 |     41 |      0 |      0 |      1 |   2 |   20.5 |
       Dungeon |     41 |     41 |      0 |      0 |      1 |   2 |   20.5 |
               +--------+--------+--------+--------+--------+-----+--------+

Top non-repeatable levels by time:
     D:4: 38 daAuts
     D:5: 3 daAuts
